 Dungeon Crawl Stone Soup version 0.17.2-1-ge4368a0 (webtiles) character file.

1726 rlgrobin the Cruncher (level 9, 0/42 HPs)
             Began as a Vine Stalker Gladiator on Apr 20, 2017.
             Slain by an adder (4 damage)
             ... on level 6 of the Dungeon.
             The game lasted 00:05:08 (3977 turns).

rlgrobin the Cruncher (Vine Stalker Gladiator)      Turns: 3977, Time: 00:05:09

Health: 0/42       AC:  0    Str: 18    XL:     9   Next: 4%
Magic:  0/10       EV: 13    Int:  8    God:
Gold:   288        SH:  0    Dex: 18    Spells: 0 memorised, 8 levels left

rFire  . . .     SeeInvis .     (no weapon)
rCold  . . .     Clarity  .     (no armour)
rNeg   + . .     SustAt   .     (no shield)
rPois  .         Gourm    .     (no helmet)
rElec  .         Spirit   +     (no cloak)
rCorr  .         Warding  .     (no gloves)
rMut   .         Stasis   .     (no boots)
MR     +....                    (no amulet)
Stlth  ++........               n - ring of positive energy
                                (no ring)

@: lethally poisoned (0 -> -1), somewhat resistant to hostile enchantments,
unstealthy
A: fangs 3, regeneration 2, magic shield, antimagic bite, no device heal 3, rot
immunity
a: no special abilities


You were on level 6 of the Dungeon.
You were hungry.

You visited 1 branch of the dungeon, and saw 7 of its levels.

You collected 288 gold pieces.


Innate Abilities, Weirdness & Mutations

You have razor-sharp teeth.
You heal very quickly.
When hurt, damage is shared between your health and your magic reserves.
Your bite disrupts and absorbs the magic of your enemies.
Potions and wands cannot restore your health.
You are immune to rotting.


   Skills:
 - Level 1.7 Fighting
 + Level 10.6 Staves
 - Level 1.7 Throwing
 - Level 2.4 Dodging


You had 8 spell levels left.
You didn't know any spells.

Inventory:

Hand Weapons
 a - a +0 quarterstaff
Missiles
 d - 3 throwing nets {=f}
Armour
 b - a +0 leather armour
Jewellery
 n - a ring of positive energy (right hand)
Scrolls
 f - 2 scrolls of noise {unknown}
 i - 2 scrolls of magic mapping {unknown}
 j - a scroll of enchant armour {unknown}
 k - 5 scrolls of identify {unknown}
 l - a scroll of remove curse {unknown}
 m - 2 scrolls of teleportation {unknown}
 q - a scroll of random uselessness {unknown}
 r - a scroll of enchant weapon {unknown}
Comestibles
 e - 3 bread rations

Dungeon Overview and Level Annotations

Branches:
Dungeon (7/15)
 Temple: D:4-7

Altars:
Qazlal

░,░░▒▒▒.░▒.▒ ░,░
░░░░░░░░░░,,,,....▒.▒ ░░,░░
,,,,,,,,,.,░░░▒▒.▒▒(▒▒▒▒▒▒▒▒.▒,░░
░░░░░░░░░░.▒▒▒▒...▒.▒..>[...▒░░,,
░ ░..........▒.▒▒▒▒▒▒.▒,░░ ░
░░░▒.!^......▒ ░░,░░ ░
▒.......▒.▒ ░,░░░ ░
▒.▒...▒.▒.▒▒░░░░░,░░, ░
░░░░░░░░,▒▒f........,,,,,,,, ░
░,,,..>....S.▒.....▒░░░░,,,, ░
░,░░▒▒▒▒.▒..▒▒▒.▒..▒ ░░░░░ ░ ░,░
▒,▒▒..░...▒.▒ ░ ░,░ ░,░▒..,,▒.▒.▒
░░░░░░,░ ░,░....░░.▒,▒ ,,,,,,,░
░,,....,,,░,░░░░░░░░░ ░░░░░░,░
░░░....▒░,,,,,,,,,,,, ░░░░░░,░
░░░░░░░,░,░░░░,░░░░░░░░░


You could see an adder.


Message History

The adder poisons you!!!
You take 2 damage, and have 11/42 hp!
You now have 4/10 mp!
You feel sick! The adder bites you! * * * don't die
* * * You take 1 damage, and have 10/42 hp!
You now have 3/10 mp!
Unknown command!
The adder misses you!
Unknown command!
You feel sick! The adder barely misses you! The adder barely misses you!
Unknown command!
You feel sick! The adder bites you! * * * don't die
* * * You take 2 damage, and have 8/42 hp!
Unknown command!
The adder closely misses you!
Unknown command!
You feel sick! The adder bites you! * * * don't die
* * * The adder bites you! * * * don't die
* * * You take 4 damage, and have 5/42 hp!
You now have 1/10 mp!
Unknown command!
The adder closely misses you!
Unknown command!
You feel sick! The adder bites you! * * * don't die
* * * You take 3 damage, and have 3/42 hp!
Unknown command!
The adder bites you! rip

Action                   |  1- 3 |  4- 6 |  7- 9 || total
-------------------------+-------+-------+-------++-------
Melee: Quarterstaff      |    72 |   201 |   141 ||   414
 Stab: Sleeping          |     1 |       |       ||     1
       Paralysed         |       |     1 |     3 ||     4
       Petrifying        |       |     1 |       ||     1
       Confused          |       |       |     1 ||     1
  Eat: Meat ration       |       |     1 |       ||     1
       Bread ration      |       |       |     1 ||     1

Vault maps used:
D:1:      saegor_arrival_simple_b
D:2:      first_bread, uniq_robin
D:3:      lemuel_coloured_pillars_altar, uniq_crazy_yiuf_cottage
D:4:      minmay_mini_ossuary
D:5:      grunt_temple_overflow_gold_and_silver,
          minmay_temple_entry_purple_smoke, grunt_ministairs_14,
          interstate_on_off
D:6:      uniq_grinder
D:7:      serial_shops, nicolae_shop_statue_plus

Notes
Turn   | Place    | Note
--------------------------------------------------------------
     0 | D:1      | rlgrobin the Vine Stalker Gladiator began the quest for the Orb.
     0 | D:1      | Reached XP level 1. HP: 11/11 MP: 2/2
    62 | D:1      | Reached skill level 3 in Staves
   105 | D:1      | Reached XP level 2. HP: 13/15 MP: 3/3
   127 | D:1      | You fall through a shaft!
   333 | D:1      | Reached XP level 3. HP: 18/18 MP: 4/4
   437 | D:2      | Reached skill level 4 in Staves
   560 | D:2      | Reached XP level 4. HP: 20/23 MP: 5/5
   687 | D:2      | Noticed Robin
   734 | D:2      | Killed Robin
   997 | D:3      | Reached skill level 5 in Staves
  1046 | D:3      | Reached XP level 5. HP: 26/26 MP: 6/6
  1076 | D:3      | Noticed Crazy Yiuf
  1086 | D:3      | Killed Crazy Yiuf
  1181 | D:3      | Found a stormy altar of Qazlal.
  1878 | D:4      | Noticed a phantom
  1897 | D:4      | Killed a phantom
  1897 | D:4      | Reached skill level 6 in Staves
  1897 | D:4      | Gained mutation: You heal very quickly. [Vine Stalker growth]
  1897 | D:4      | Reached XP level 6. HP: 30/30 MP: 7/7
  2460 | D:4      | Reached skill level 7 in Staves
  2460 | D:4      | Reached XP level 7. HP: 34/34 MP: 8/8
  2907 | D:5      | Entered Level 5 of the Dungeon
  2914 | D:5      | Reached skill level 8 in Staves
  3253 | D:6      | Gained mutation: You have razor-sharp teeth. [Vine Stalker growth]
  3253 | D:6      | Reached XP level 8. HP: 32/38 MP: 7/9
  3392 | D:6      | Reached skill level 9 in Staves
  3759 | D:6      | Noticed Grinder
  3767 | D:6      | Killed Grinder
  3767 | D:6      | Reached skill level 10 in Staves
  3905 | D:7      | Reached XP level 9. HP: 42/42 MP: 10/10
  3976 | D:6      | HP: 3/42 [adder (2)]
  3977 | D:6      | Slain by an adder

Vanquished Creatures
  Grinder (D:6)
  An ogre (D:5)
  An orc warrior (D:6)
  2 phantoms
  3 ice beasts (D:6)
  A centaur (D:6)
  2 giant frogs (D:6)
  A wyvern skeleton (D:7)
  2 hounds (D:4)
  An orc priest (D:4)
  A centaur skeleton (D:7)
  Crazy Yiuf (D:3)
  A gnoll shaman (D:4)
  An iguana (D:5)
  2 orc wizards
  4 worker ants
  A hound skeleton (D:3)
  A mummy (D:4)
  Robin (D:2)
  4 adders
  6 gnolls
  A shadow imp (D:6)
  An ooze (D:1)
  A worm (D:2)
  2 adder skeletons
  An adder zombie (D:6)
  14 orcs
  10 bats
  6 giant cockroaches
  15 hobgoblins
  7 jackals
  A quokka (shapeshifter) (D:6)
  3 quokkas
  6 giant geckos
  3 giant newts
  11 goblins
  2 hobgoblin zombies (D:4)
  6 kobolds
  A kobold zombie (D:4)
  A quokka skeleton (D:4)
  7 rats
137 creatures vanquished.
